 Dungeon Crawl Stone Soup version 0.30.1-4-g462c640d31 (webtiles) character file.

Game seed: 1857068813780482916

39 spardeous the Chopper (level 3, -1/30 HPs)
             Began as a Demigod Fighter on Aug 22, 2023.
             Slain by an orc
             ... wielding a +0 flail
              (7 damage)
             ... on level 1 of the Dungeon.
             The game lasted 00:00:57 (1108 turns).

spardeous the Chopper (Demigod Fighter)             Turns: 1108, Time: 00:00:57

Health: -1/30      AC:  6    Str: 21    XL:     3   Next: 11%
Magic:  5/5        EV:  9    Int: 10    God:
Gold:   78         SH:  4    Dex: 13    Spells: 2/2 levels left

rFire   . . .        a - +0 war axe
rCold   . . .        c - +0 buckler
rNeg    . . .        b - +0 scale mail
rPois   .            (no helmet)
rElec   .            (no cloak)
rCorr   .            (no gloves)
SInv    .            (no boots)
Will    .....        (no amulet) Stlth
                     (no ring)
HPRegen 0.25/turn    (no ring)
MPRegen 0.09/turn

%: no passive effects
@: no status effects
A: high MP 1, forlorn, divine attributes
a: no special abilities


You were on level 1 of the Dungeon.
You visited 1 branch of the dungeon, and saw 2 of its levels.

You collected 78 gold pieces.

Inventory:

Hand Weapons
 a - a +0 war axe (weapon)
 n - the +1 trident of Fury {speed, rF+ Will+ Str+8 Dex-4}
   (You found it on level 2 of the Dungeon)

   Str:       It affects your strength (+8).
   Dex:       It affects your dexterity (-4).
   rF:        It protects you from fire.
   Will:      It increases your willpower.
Armour
 b - a +0 scale mail (worn)
 c - a +0 buckler (worn)
Scrolls
 e - a scroll of immolation {unknown}
 f - a scroll of vulnerability {unknown}
 g - a scroll of poison {unknown}
 l - a scroll of identify {unknown}
Potions
 d - 2 potions of might
 h - a potion of mutation {unknown}
 i - a potion of flight {unknown}
 j - a potion of heal wounds {unknown}
 k - a potion of attraction {unknown}
 m - a potion of curing {unknown}


   Skills:
 - Level 2.6 Fighting
 + Level 3.4 Axes
 - Level 2.6 Armour
 - Level 2.6 Shields


You had 2 spell levels left.
You didn't know any spells.
Your spell library was empty.

Dungeon Overview and Level Annotations

Branches:
Dungeon (2/15)


Innate Abilities, Weirdness & Mutations

You have an increased reservoir of magic. (+10% MP)
You shall have no god before yourself.
Your divine heritage dramatically boosts your attributes as you level up.


Message History

You take 1 damage, and have 29/30 hp.
The bat hits you but does no damage.
You slash the bat!
You kill the bat!
Health restored: 30 An orc is nearby!
The orc shouts!
You hear an angry hiss.
You hear a shout!
A ball python comes into view.
A ball python is nearby!
The orc priest shouts!
You hear a shout!
The orc shouts!
There are monsters nearby!
The orc priest calls down the wrath of Beogh upon you.
Beogh smites you!
You take 14 damage, and have 16/30 hp.
MASSIVE DAMAGE!!
The orc priest looks braver for a moment.
The orc throws a stone.
The stone completely misses you.
The orc priest begins to cast a cantrip, but forgets the words!
You see here the +1 trident of Fury {speed, rF+ Will+ Str+8 Dex-4}.
n - the +1 trident of Fury {speed, rF+ Will+ Str+8 Dex-4} The orc priest miscasts a cantrip.
The orc throws a stone.
The stone hits you but does no damage. You block the orc's attack.
The orc attacks as you move away! The orc hits you with a +0 flail!
* * * LOW HITPOINT WARNING * * *
You take 7 damage, and have 10/30 hp.
MASSIVE DAMAGE!!
The orc attacks as you move away! The orc closely misses you.
The orc attacks as you move away! The orc hits you but does no damage.
The orc attacks as you move away! The orc hits you but does no damage.
The orc attacks as you move away! The orc barely misses you.
The orc attacks as you move away! The orc hits you with a +0 flail!
* * * LOW HITPOINT WARNING * * *
There is an escape hatch in the ceiling here.
You take 8 damage, and have 5/30 hp.
MASSIVE DAMAGE!!
The orc hits you but does no damage. A mysterious force pulls you upwards.
The hatch slams shut behind you.
You barely miss the orc. The orc barely misses you. You block the orc's attack.
Unknown command.
You barely miss the orc. The orc hits you with a +0 flail!
You die...

##.####..######.....#......#
.#..................#......#
.######.............###..#.# .#
##...####.......#..#.# .#
#.[.####.......#..#.# .###
#..............#..#.#
...#####.#.####.......#..#.#
.).......#....#.o.....#.##.#
.......######...@.....#.##.#
..###..# ###.......#.##.# .##
##.# #.......#.##.# .# #.#
#...#####.##.# .## ##.### #.#..#
#.##.# ..###....# #.##.# #.##.#
.......#.# ####.##.####.##.#
.........###....##...##.##.#
.......#..##.####.....#.##.######


You could see an orc.

Vanquished Creatures
  A dart slug (D:2)
  An orc (D:1)
  3 ball pythons (D:1)
  5 bats
  2 endoplasms
  A giant cockroach (D:2)
  3 goblins
  4 hobgoblins (D:1)
  3 jackals (D:1)
  2 kobolds (D:1)
  A quokka (D:1)
  2 frilled lizards (D:1)
  2 rats (D:1)
30 creatures vanquished.

Notes
Turn   | Place    | Note
-------+----------+-------------------------------------------
     0 | D:1      | spardeous the Demigod Fighter began the quest for the Orb.
     0 | D:1      | Reached XP level 1. HP: 18/18 MP: 3/3
    12 | D:1      | Reached skill level 2 in Axes
   397 | D:1      | Reached XP level 2. HP: 22/25 MP: 4/4
   501 | D:1      | Reached skill level 3 in Axes
   940 | D:2      | Reached XP level 3. HP: 30/30 MP: 5/5
  1089 | D:2      | Identified the +1 trident of Fury {speed, rF+ Will+ Str+8
                  | Dex-4}
  1108 | D:1      | Slain by an orc

Illustrated notes

Levels and vault maps discovered:
D:1:      minmay_arrival_four_circles, layout_basic, minmay_tetromino_t2
D:2:      cheibrodos_pilgrimage, layout_basic, basic_ecumenical_altar,
          serial_curves, eino_curves_03, eino_curves_03

Skill      XL: |  1  2 |
---------------+-------+-----
Axes           | 2 3 |  3.4
Fighting       | |  2.6
Armour         | |  2.6
Shields        | |  2.6

Action                     || total
---------------------------++-------
  Melee: War axe           ||    75
 Armour: Scale mail        ||    41
  Dodge: Dodged            ||    36
  Block: Buckler           ||    15
